Map: Ruins of Seras

Players

MorN

  • Race: Terran Terran
  • League: Master

Tbeezy - Winner!

  • Race: Terran Terran
  • League: Master

VOD

Have the link to the VOD?

Description

Time

  • Played on: Nov. 21, 2015, 10:59 p.m.
  • Length: 11:02
Show
View Real Time Build Order
Export as new Build Order

MorN Terran 

Build Orders: Bio Tank, MMM Bio, Banshee Rush 

Get SALT Encoding   

  12  0:00  SCV  
  13  0:12  SCV  
  14  0:18  Supply Depot  
  14  0:25  SCV  
  15  0:28  Refinery  
  15  0:40  SCV  
  16  0:46  Barracks  
  16  0:52  SCV  
  17  1:04  SCV  
  18  1:18  SCV  
  19  1:34  Marine  
  19  1:35  Orbital Command  
  20  1:49  Command Center  
  20  2:01  Factory  
  20  2:04  Marine  
  21  2:13  Supply Depot  
  21  2:16  SCV  
  21  2:22  Marine  
  23  2:26  Refinery  
  23  2:34  SCV  
  24  2:39  Marine  
  25  2:46  Starport  
  25  2:48  SCV  
  26  2:59  Marine  
  26  3:00  SCV  
  26  3:03  Engineering Bay  
  28  3:10  Factory Tech Lab  
  28  3:12  Orbital Command  
  28  3:16  SCV  
  28  3:26  Marine  
  25  3:40  SCV  
  25  3:41  Banshee, Cloaking Field, Factory Reactor  
  27  3:50  Missile Turret  
  27  3:51  Marine  
  27  3:57  SCV  
  28  4:03  Supply Depot  
  28  4:09  Marine  
  29  4:17  Hellion  
  29  4:18  Hellion  
  29  4:24  Viking  
  35  4:33  SCV  
  36  4:48  Factory Tech Lab  
  36  4:51  SCV  
  36  4:52  SCV  
  35  4:54  Raven  
  35  4:55  Missile Turret  
  33  5:03  SCV  
  33  5:06  SCV  
  35  5:07  Marine  
  35  5:08  Siege Tank, Marine  
  40  5:16  SCV  
  40  5:18  SCV  
  42  5:25  Marine x2  
  43  5:32  SCV  
  43  5:34  SCV  
  39  5:50  SCV x2  
  39  5:54  Siege Tank  
  41  6:02  SCV x2, Barracks  
  41  6:03  Barracks  
  43  6:06  Starport Reactor  
  43  6:09  Stimpack  
  43  6:15  SCV  
  43  6:16  SCV  
  43  6:18  Terran Infantry Weapons Level 1, Supply Depot  
  45  6:20  Marine  
  46  6:27  SCV  
  46  6:28  SCV  
  46  6:40  Marine  
  42  6:56  Marine x2  
  42  6:58  Marine  
  45  7:05  Starport Reactor  
  45  7:07  SCV x2  
  45  7:08  Siege Tank, Marine x2  
  46  7:13  Supply Depot, Marine  
  46  7:14  Marine  
  45  7:16  Marine  
  45  7:17  Command Center  
  45  7:19  SCV x2, Refinery  
  48  7:26  Marine x2  
  50  7:31  SCV x2, Marine x2  
  54  7:37  Marine  
  54  7:42  Siege Tank  
  54  7:43  SCV x2, Marine x2  
  62  7:49  Refinery, Marine  
  67  7:51  Medivac  
  63  7:55  Medivac  
  67  7:59  Supply Depot  
  67  8:03  Supply Depot, SCV x2  
  69  8:05  Marine  
  69  8:10  Combat Shields  
  69  8:12  Marine x2  
  70  8:15  SCV  
  66  8:29  Starport Reactor  
  66  8:40  Marine x4  
  70  8:42  Siege Tank  
  70  8:46  Terran Infantry Armor Level 1, SCV  
  74  8:51  Marine  
  74  8:55  SCV  
  76  8:56  Barracks  
  76  8:57  Barracks  
  76  8:58  Marine x2  
  78  9:06  Marine x2  
  78  9:09  Missile Turret x2, Marine  
  81  9:10  Missile Turret  
  81  9:15  Marine  
  80  9:25  Marine x2  
  80  9:30  Siege Tank, Medivac x2  
  86  9:33  Marine  
  86  9:34  Orbital Command  
  85  9:45  Marine x3  
  87  9:48  Barracks Reactor x2  
  87  9:50  Marine  
  87  9:51  Marine  
  90  9:53  SCV  
  90  9:55  Supply Depot  
  91  10:00  Medivac  
  80  10:36  Marine  
  80  10:37  Marine x3  
  76  10:43  Marine x2  
  76  10:49  SCV  
  71  10:50  SCV  
Show
View Real Time Build Order
Export as new Build Order

Tbeezy Terran - Winner!

Build Orders: MMM Bio 

Get SALT Encoding   

  12  0:01  SCV  
  13  0:13  SCV  
  14  0:16  Refinery  
  14  0:25  Supply Depot  
  14  0:29  SCV  
  15  0:47  SCV  
  15  0:48  Barracks  
  16  0:59  SCV  
  17  1:11  SCV  
  18  1:23  SCV  
  19  1:35  Reaper  
  19  1:38  Orbital Command  
  19  1:39  Factory  
  20  1:47  Supply Depot  
  20  1:59  Refinery  
  20  2:03  SCV  
  20  2:07  Reaper  
  22  2:13  Supply Depot  
  22  2:18  SCV  
  23  2:23  Hellion  
  25  2:31  SCV  
  25  2:32  Starport  
  26  2:42  Barracks Tech Lab  
  26  2:45  SCV, Hellion  
  29  2:57  SCV  
  30  3:08  Supply Depot, Hellion  
  30  3:09  SCV, Engineering Bay  
  30  3:35  SCV  
  30  3:36  Banshee  
  34  3:43  Hellion  
  34  3:47  SCV  
  37  3:56  Missile Turret  
  37  3:59  SCV  
  38  4:07  Command Center  
  38  4:08  Barracks Tech Lab  
  38  4:10  Factory Reactor  
  38  4:18  SCV  
  38  4:22  Missile Turret  
  39  4:25  Banshee  
  39  4:32  Marine  
  39  4:37  Missile Turret  
  40  4:38  SCV  
  40  4:43  Missile Turret  
  41  4:51  Marine  
  41  4:52  Stimpack  
  42  5:08  Viking  
  42  5:12  Refinery  
  43  5:15  Marine  
  43  5:16  Refinery, Widow Mine  
  43  5:18  Widow Mine  
  43  5:19  Orbital Command  
  43  5:20  Supply Depot  
  48  5:31  SCV  
  46  5:45  Marine  
  40  5:52  Raven  
  40  5:56  Barracks  
  40  5:57  Terran Infantry Weapons Level 1, SCV, Refinery, Barracks  
  42  5:59  SCV  
  44  6:10  SCV  
  45  6:17  Marine  
  46  6:21  SCV  
  46  6:22  SCV  
  48  6:27  Engineering Bay  
  48  6:30  Armory  
  48  6:45  Medivac, Marine x3  
  48  6:46  Siege Tank, Medivac  
  53  7:03  Marine  
  53  7:06  SCV  
  53  7:07  SCV  
  56  7:12  Barracks Reactor x2  
  52  7:19  SCV x2, Terran Infantry Armor Level 1  
  52  7:20  Marine  
  52  7:22  Medivac x2  
  59  7:30  Barracks  
  59  7:31  Supply Depot, Barracks, SCV x2  
  59  7:36  Drilling Claws  
  61  7:43  SCV x2  
  63  7:49  Marine x4  
  63  7:50  Marine  
  68  7:52  Siege Tank  
  68  7:56  Supply Depot  
  71  7:59  Supply Depot  
  71  8:02  Combat Shields  
  71  8:12  Marine x5  
  72  8:30  Marine x4  
  76  8:37  Barracks Reactor x2  
  76  8:40  Marine  
  76  8:41  Command Center  
  75  8:44  Terran Infantry Weapons Level 2  
  76  8:48  SCV  
  76  8:49  SCV  
  76  8:52  Marine  
  78  9:00  Missile Turret  
  78  9:03  SCV x2, Missile Turret  
  80  9:11  Marine x5  
  80  9:15  Medivac x2  
  87  9:32  Marine  
  87  9:33  Marine x6  
  87  9:37  Supply Depot  
  94  9:38  Supply Depot  
  94  9:52  Marine x4  
  98  10:01  Siege Tank  
  98  10:02  Medivac x2  
  105  10:07  Marine  
  105  10:08  Marine x4  
  105  10:10  Marine  
  110  10:22  Marine x3  
  110  10:25  Marine x2  
  110  10:26  Marine x2  
  116  10:30  Marine x2  
  118  10:40  Marine x3  
  108  10:43  Marine x4  
Tags
 
Add a new tag
Caveats
  • Supply blocks, unpowered buildings, or Contaminate may cause inaccurate times.
  • Supply counts are checked every 10 seconds.